 Seeded DCSS version 0.30-a0-883-g5ad918d77d (webtiles) character file.

Game seed: 15748772131455733785 (custom seed)

4832 Parcival the Cleaver (level 10, -7/88 HPs)
             Began as a Minotaur Fighter on Mar 15, 2023.
             Was an Initiate of Ashenzari.
             Mangled by an orc warlord
             ... wielding a +4 broad axe
              (17 damage)
             ... in a bailey.
             The game lasted 00:15:53 (7160 turns).

Parcival the Cleaver (Minotaur Fighter)             Turns: 7160, Time: 00:15:53

Health: -7/88      AC: 16    Str: 32    XL:     10   Next: 25%
Magic:  9/9        EV:  7    Int:  5    God:    Ashenzari [......]
Gold:   1183       SH:  9    Dex:  9    Spells: 9/9 levels left

rFire   . . .      SeeInvis .    x - +2 flail "Restrained With Me" {heavy, Elem, Alch} (curse)
rCold   . . .      Faith    .    l - +0 kite shield
rNeg    . . .      Spirit   .    f - +1 plate armour
rPois   +          Reflect  .    (helmet restricted)
rElec   .          Rampage  .    (no cloak)
rCorr   .                        a - +0 pair of gloves
Will    .....                    (no boots) Stlth
                                 (no amulet)
HPRegen 0.34/turn                j - +6 ring of strength
MPRegen 0.11/turn                m - ring of poison resistance

@: mighty
A: horns 2, retaliatory headbutt
a: Renounce Religion, Curse Item, Shatter the Chains


You were in a bailey.
You worshipped Ashenzari.
Ashenzari was noncommittal.
You visited 1 branch of the dungeon, and saw 7 of its levels.
You also visited: Bailey.

You collected 1183 gold pieces.

Inventory:

Hand Weapons
 x - the cursed +2 flail "Restrained With Me" (weapon) {heavy, Elem, Alch}
   (You took it off an orc on level 5 of the Dungeon)

   It has a curse which improves the following skills: Elements: Fire Magic, Ice
   Magic, Air Magic and Earth Magic.
   Alchemy:   Poison Magic and Transmutations.
 y - a +0 great mace of protection
 z - a +4 great sword
Armour
 a - a +0 pair of gloves (worn)
 f - a +1 plate armour (worn)
 l - a +0 kite shield (worn)
Jewellery
 j - a +6 ring of strength (left hand)
 m - a ring of poison resistance (right hand)
Wands
 n - a wand of polymorph (31)
 o - a wand of acid (9)
 p - a wand of mindburst (20)
 q - a wand of flame (21)
 w - a wand of roots (12)
Scrolls
 c - a scroll of magic mapping
 e - 4 scrolls of teleportation
 h - 2 scrolls of fog
 s - 3 scrolls of identify
 v - a scroll of blinking
 B - a scroll of enchant weapon {unknown}
Potions
 b - a potion of flight {unknown}
 d - a potion of berserk rage {unknown}
 g - a potion of curing {unknown}
 i - 3 potions of mutation
 k - 3 potions of brilliance
 r - a potion of ambrosia
 C - a potion of haste {unknown}


   Skills:
 + Level 8.3 Fighting
 + Level 10.1(11.3) Axes
 + Level 8.1(10.3) Maces & Flails
 + Level 9.0 Armour
 + Level 1.4 Dodging
 + Level 0.6 Stealth
 + Level 7.1 Shields


You had 9 spell levels left.
You didn't know any spells.
Your spell library contained the following spells:

 Spells                   Type           Power      Damage    Failure   Level
 Magic Dart               Conj           0%         1d3       100%        1
 Slow                     Hex            0%         N/A       100%        1
 Call Imp                 Summ           0%         N/A       100%        2
 Confusing Touch          Hex            0%         N/A       100%        3
 Ignite Poison            Fire/Tmut/Pois 0%         N/A       100%        3
 Kindle Blastsparks       Fire/Tloc/Air  0%         2d10      100%        3
 Mephitic Cloud           Conj/Pois/Air  0%         N/A       100%        3
 Vampiric Draining        Necr           0%         2d6       100%        3
 Freezing Cloud           Conj/Ice/Air   0%         6-21      100%        5


Dungeon Overview and Level Annotations

Branches:
Dungeon (7/15)             Temple (0/1) D:4          Bailey (1/1)

Altars:
Ashenzari
Cheibriados
Dithmenos
Elyvilon
Fedhas
Kikubaaqudgha
Makhleb
Okawaru
Ru
Sif Muna
Vehumet
Wu Jian
Xom
The Shining One


Innate Abilities, Weirdness & Mutations

You have a pair of horns on your head.
You reflexively headbutt those who attack you in melee.


Message History

You completely miss the orc warlord.
The orc warlord hits you with a +4 broad axe!
You block the orc warrior's attack.
You sock the orc warlord!
The orc warlord is lightly wounded.
You block the orc warlord's attack.
The orc warrior hits you with a +0 war axe!
You completely miss the orc warlord.
The orc warlord is lightly wounded.
The orc warlord hits you with a +4 broad axe!
You block the orc warrior's attack.
The orc warlord hits you with a +4 broad axe!!
The orc warrior hits you with a +0 war axe!!
* * * LOW HITPOINT WARNING * * *
You feel much better.
The orc warrior suddenly complains.
You block the orc warlord's attack. You block the orc warrior's attack.
You feel much better. You block the orc warlord's attack.
You block the orc warrior's attack.
As you read the scroll of fear, it crumbles to dust.
You assume a fearsome visage.
The orc warrior looks frightened!
The goblin looks frightened!
The orc warlord looks frightened!
The goblin looks frightened!
The orc warrior looks frightened!
The orc warrior no longer looks unusually strong.
You closely miss the orc warrior.
The goblin moans, "Oh dear!
Oh dear!"
The orc warlord seems to regain its courage.
The orc warlord hits you with a +4 broad axe!
You hit the orc warlord but do no damage.
The orc warlord is lightly wounded.
The orc warlord hits you with a +4 broad axe! x2
* * * LOW HITPOINT WARNING * * *
You hit the orc warlord but do no damage.
You headbutt the orc warlord.
The orc warlord is lightly wounded.
The orc warlord hits you with a +4 broad axe!
* * * LOW HITPOINT WARNING * * *
You feel very mighty all of a sudden.
The orc warlord hits you with a +4 broad axe!
You die...

#...........#)....
#...........).....
#.....⌠.....#)....
#...........#.....
#...........#.....
###.........###....
###.#'#.....###.###..
###...o)###.###....
###
##.....@...###......
#
#..........8##.o....
#..........8#.......
#∩....⌠....)'...g...
#..........8#.......
#..........8##......
##.........###......
# ###.....###.###....
###
###.#'#.....###.###..


You could see an orc warlord.

Vanquished Creatures
  The ghost of pigah the Zephyrmancer, a novice OpWn of Gozag (D:6)
  Prince Ribbit (D:7)
  4 yaks (D:7)
  The ghost of lessens the Sneak, an amateur GnEn of Nemelex Xobeh (D:3)
  3 water moccasins
  4 sky beasts
  4 ice beasts
  9 orc warriors (Bailey)
  An ogre (D:5)
  2 phantoms (D:4)
  A kobold brigand (D:5)
  2 scorpions (D:5)
  4 wights (D:7)
  A crimson imp (D:5)
  6 hounds
  2 orc priests (D:5)
  A sleepcap (D:5)
  3 iguanas
  Ijyb (D:3)
  Natasha (thrice) (D:3)
  4 orc wizards
  14 gnolls
  7 adders
  A shadow imp (D:7)
  A white imp (D:6)
  2 ufetubi (D:6)
  2 worms (D:2)
  4 dart slugs
  24 orcs
  8 ball pythons
  12 endoplasms
  4 giant cockroaches
  9 goblins
  15 hobgoblins
  11 jackals
  A quokka (D:2)
  2 bats
  4 frilled lizards
  8 kobolds
  5 rats
192 creatures vanquished.

Notes
Turn   | Place    | Note
-------+----------+-------------------------------------------
     0 | D:1      | Parcival the Minotaur Fighter began the quest for the Orb.
     0 | D:1      | Reached XP level 1. HP: 19/19 MP: 0/0
   349 | D:1      | Reached XP level 2. HP: 27/27 MP: 1/1
  1030 | D:2      | Reached skill level 3 in Axes
  1030 | D:2      | Reached XP level 3. HP: 25/33 MP: 2/2
  1436 | D:2      | Reached XP level 4. HP: 32/40 MP: 3/3
  1446 | D:2      | Reached skill level 4 in Axes
  1855 | D:2      | Found a faded altar of an unknown god.
  2253 | D:3      | Noticed Natasha
  2263 | D:3      | Killed Natasha
  2264 | D:3      | Reached XP level 5. HP: 27/47 MP: 4/4
  2339 | D:3      | Noticed Ijyb
  2346 | D:3      | Killed Ijyb
  2385 | D:3      | Noticed Natasha
  2400 | D:3      | Killed Natasha
  2401 | D:3      | Reached skill level 5 in Axes
  2442 | D:3      | Noticed Natasha
  2448 | D:3      | Killed Natasha
  2649 | D:3      | Found a runed translucent door.
  2663 | D:3      | Noticed lessens's ghost (amateur GnEn)
  3066 | D:3      | Killed lessens's ghost
  3067 | D:3      | Reached skill level 5 in Fighting
  3067 | D:3      | Reached skill level 6 in Axes
  3067 | D:3      | Reached XP level 6. HP: 56/56 MP: 5/5
  3432 | D:4      | Found a white marble altar of Elyvilon.
  3507 | D:4      | Found a staircase to the Ecumenical Temple.
  3571 | D:4      | Reached skill level 5 in Armour
  3571 | D:4      | Reached XP level 7. HP: 49/61 MP: 6/6
  3949 | D:4      | Identified a scroll of acquirement
  3949 | D:4      | Acquired 846 gold pieces
  3966 | D:5      | Entered Level 5 of the Dungeon
  3975 | D:5      | Reached skill level 7 in Axes
  3993 | D:5      | Found an iron altar of Okawaru.
  4141 | D:5      | Found a radiant altar of Vehumet.
  4375 | D:5      | Reached skill level 8 in Axes
  4392 | D:5      | Reached skill level 5 in Shields
  4396 | D:5      | Reached XP level 8. HP: 47/70 MP: 7/7
  4477 | D:5      | Found a broken altar of Ashenzari.
  4494 | D:5      | Became a worshipper of Ashenzari the Shackled
  4655 | D:5      | Reached skill level 9 in Axes
  4849 | D:5      | Found a blossoming altar of Fedhas.
  5009 | D:5      | Found a shimmering altar of Xom.
  5010 | D:5      | Found a burning altar of Makhleb.
  5012 | D:5      | Reached skill level 1 in Maces & Flails
  5225 | D:6      | Found an ancient bone altar of Kikubaaqudgha.
  5231 | D:6      | Found a shadowy altar of Dithmenos.
  5235 | D:6      | Found a glowing golden altar of the Shining One.
  5305 | D:6      | Found a shimmering blue altar of Sif Muna.
  5309 | D:6      | Found a snail-covered altar of Cheibriados.
  5394 | D:6      | Found a runed translucent door.
  5394 | D:6      | Noticed pigah's ghost (novice OpWn)
  5471 | D:6      | Reached skill level 10 in Axes
  5561 | D:6      | Found a sacrificial altar of Ru.
  5696 | D:6      | Killed pigah's ghost
  5697 | D:6      | Reached XP level 9. HP: 79/79 MP: 8/8
  5972 | D:7      | Found an ornate altar of the Wu Jian Council.
  6140 | D:7      | Reached skill level 5 in Maces & Flails
  6376 | D:7      | Reached skill level 1 in Dodging
  6564 | D:7      | Noticed Prince Ribbit
  6579 | D:7      | Killed Prince Ribbit
  6716 | D:7      | Found a flagged portal.
  6725 | Bailey   | Entered a bailey
  6759 | Bailey   | Reached XP level 10. HP: 76/88 MP: 9/9
  7136 | Bailey   | Noticed an orc warlord
  7160 | Bailey   | Mangled by an orc warlord

Illustrated notes

Levels and vault maps discovered:
D:1:      dpeg_arrival_brainrot, layout_basic, hangedman_decor_growths,
          minmay_misc_feat_rugged, nicolae_titane
D:2:      minmay_recursive_quarters, layout_basic,
          dreamdust_ecumenical_altar_sealed_demon, serial_glass,
          glass_columns_c, glass_columns_a, hex_tiny
D:3:      layout_basic, ebering_ghost_reflecting_pool,
          minmay_misc_feat_four_crosses, uniq_ijyb, uniq_natasha
D:4:      layout_loops_ring, mainiacjoe_overflow_boulevard,
          minmay_temple_entry_stoned_glass
D:5:      minmay_octagon_keep, layout_rooms, lemuel_doored_altar,
          fiery_altar_vehumet, overflow_temple_1_default,
          mainiacjoe_overflow_24_doors, grunt_temple_overflow_champion_of_chaos,
          kennysheep_generic_room_9
D:6:      layout_rooms, minitemple, nicolae_ru_awakened_eye,
          hellmonk_ghost_happy_afterlife, chequers_decorated_corner,
          due_unseen_surprise
D:7:      minmay_spotlight, layout_loops_ring, nicolae_overflow_crystal_walls,
          enter_bailey_2, uniq_prince_ribbit1
Bailey:   bailey_axe_minmay_hex_keep, bailey

Skill      XL: |  1  2  3  4  5  6  7  8  9 10 |
---------------+-------------------------------+-----
Armour         | 4 5 6 7 8 9 |  9.0
Fighting       | 4 5 7 8 |  8.3
Shields        | 4 5 6 7 |  7.1
Axes           | 3 4 6 8 10 | 10.1
Maces & Flails | 3 6 8 |  8.1
Dodging        | 1 |  1.4
Stealth        | |  0.6

Action                     |  1- 3 |  4- 6 |  7- 9 | 10-12 || total
---------------------------+-------+-------+-------+-------++-------
  Melee: Broad axe         |    81 |   109 |    93 |       ||   283
         War axe           |     5 |       |       |       ||     5
         Headbutt          |     9 |    19 |    34 |    11 ||    73
         Flail             |       |       |   102 |    86 ||   188
 Invoke: Curse Item        |       |       |     1 |       ||     1
    Use: Scroll            |     1 |     8 |     2 |     1 ||    12
         Potion            |       |     4 |     3 |     4 ||    11
 Armour: Plate armour      |    76 |    67 |   161 |    53 ||   357
         Scale mail        |     3 |       |       |       ||     3
  Dodge: Dodged            |    23 |    43 |    56 |    33 ||   155
  Block: Buckler           |    22 |    12 |       |       ||    34
         Kite shield       |       |    11 |    69 |    59 ||   139

Table legend: (Time is in decaauts)
 A = Elapsed time spent in this place.
 B = Non-inter-level travel time spent in this place.
 C = Inter-level travel time spent in this place.
 D = Time resting spent in this place.
 E = Time spent auto-exploring this place.
 F = Levels seen in this place.
 G = Mean time per level.
                   A        B        C        D        E       F      G
               +--------+--------+--------+--------+--------+-----+--------+
         Total |   7395 |   6881 |    514 |    122 |   5061 |   8 |  924.4 |
       Dungeon |   6912 |   6398 |    514 |    122 |   4776 |   7 |  987.4 |
        Bailey |    483 |    483 |      0 |      0 |    285 |   1 |  483.0 |
               +--------+--------+--------+--------+--------+-----+--------+

Top non-repeatable levels by time:
     D:3: 1211 daAuts
     D:5: 1152 daAuts
     D:2: 1097 daAuts
     D:1: 1045 daAuts
     D:6: 913 daAuts
     D:7: 789 daAuts
     D:4: 702 daAuts
  Bailey: 483 daAuts
